Predators vs Flames

Created - April 25 2007 at 20:34

Goals
1 2 3 T
Predators 0 0 1 1
Flames 1 1 0 2
Shots
1 2 3 T
Predators 8 5 9 22
Flames 9 8 10 27

Period #1

1. Flames , Craig Conroy 4 (Jarome Iginla, Alex Tanguay) at 0:54 (PP)

Penalities :
Jason Arnott (NSH) for Cross-checking (Minor) at 0:03, Tomas Kaberle (NSH) for Charging (Minor) at 1:32, Shea Weber (NSH) for Head-butting (Major / Game Misconduct) at 1:58, Dion Phaneuf (CGY) for Clipping (Minor) at 2:30, Jarome Iginla (CGY) for Holding (Minor) at 3:47, Scott Hartnell (NSH) for Hooking (Minor) at 7:04, Robyn Regehr (CGY) for Hooking (Minor) at 11:58, Daymond Langkow (CGY) for Interference (Minor) at 12:29, Derek Morris (NSH) for Holding (Minor) at 19:41

Period #2

2. Flames , Daymond Langkow 8 (Tony Amonte, Bill Guerin) at 1:30 (PP)

Penalities :
Brad Boyes (NSH) for Interference (Minor) at 4:39, Keith Primeau (NSH) for Slashing (Minor) at 8:08, Andrei Zyuzin (CGY) for High sticking (Minor) at 10:13, Matthew Lombardi (CGY) for Diving (Minor) at 12:21, Oleg Saprykin (NSH) for Diving (Minor) at 14:40, Paul Kariya (NSH) for Tripping (Minor) at 16:50, Jason Arnott (NSH) for Clipping (Minor) at 17:52

Period #3

3. Predators , Scott Hartnell 1 (Jason Arnott, Tomas Kaberle) at 3:16

Penalities :
Jarome Iginla (CGY) for Fighting (Major) at 0:29, Todd Bertuzzi (NSH) for Fighting (Major) at 0:29, Dion Phaneuf (CGY) for High sticking (Minor) at 7:27, Dion Phaneuf (CGY) for Elbowing (Minor) at 9:47, Jarome Iginla (CGY) for Cross-checking (Minor) at 17:50

Goalie Stats

Chris Mason (NSH), 25 saves from 27 shots - (0.926), L, 3-1-0, 59:00 minutes
Miikka Kiprusoff (CGY), 21 saves from 22 shots - (0.955), W, 10-2-2, 60:00 minutes

Players Stats

Predators
Player Name              G  A  P  +/- PIM S  H  SB FO MP 
-----------------------------------------------------------
Brad Boyes               0  0  0   0  2   1  0  0  1  16 
David Legwand            0  0  0   0  0   4  0  0  18 16 
Derek Morris             0  0  0   0  2   1  2  0  0  22 
Jason Arnott             0  1  1   1  4   1  0  1  12 14 
Keith Primeau            0  0  0   0  2   2  1  1  17 14 
Kimmo Timonen            0  0  0   0  0   0  2  2  0  26 
Marek Zidlicky           0  0  0   1  0   0  0  2  0  21 
Martin Erat              0  0  0   0  0   0  0  0  1  9  
Mike Grier               0  0  0   0  0   1  0  0  0  13 
Oleg Saprykin            0  0  0   0  2   2  0  0  6  8  
Paul Kariya              0  0  0   0  2   4  0  0  6  17 
Scott Hartnell           1  0  1   1  2   2  1  0  1  13 
Shea Weber               0  0  0   0  15  0  0  1  0  2  
Steve Sullivan           0  0  0   0  0   0  1  0  6  22 
Todd Bertuzzi            0  0  0   0  5   3  0  0  16 22 
Tomas Kaberle            0  1  1   1  2   0  0  1  0  24 
Yanic Perreault          0  0  0   0  0   1  1  0  6  10 
Zbynek Michalek          0  0  0   0  0   0  1  1  0  23 
Flames
Player Name              G  A  P  +/- PIM S  H  SB FO MP 
-----------------------------------------------------------
Alex Tanguay             0  1  1   0  0   6  0  1  4  23 
Andrei Zyuzin            0  0  0   0  2   0  0  2  0  11 
Andrew Ference           0  0  0   0  0   0  1  1  0  17 
Bill Guerin              0  1  1   0  0   2  0  1  1  17 
Brian Willsie            0  0  0   0  0   1  0  0  0  9  
Chuck Kobasew            0  0  0   0  0   0  1  0  0  4  
Craig Conroy             1  0  1   0  0   2  0  0  32 23 
Daymond Langkow          1  0  1  -1  2   3  0  0  32 25 
Dion Phaneuf             0  0  0  -1  6   0  1  2  0  23 
Jarome Iginla            0  1  1   0  9   0  1  0  9  19 
Jaroslav Modry           0  0  0  -1  0   0  1  1  0  25 
Joe Nieuwendyk           0  0  0  -1  0   1  0  0  7  15 
Jussi Jokinen            0  0  0   0  0   3  1  0  0  9  
Kristian Huselius        0  0  0   0  0   2  0  0  0  7  
Matthew Lombardi         0  0  0   0  2   4  0  0  5  4  
Robyn Regehr             0  0  0   0  2   0  1  0  0  23 
Roman Hamrlik            0  0  0   0  0   0  0  2  0  22 
Tony Amonte              0  1  1   0  0   3  0  1  0  17 

3 Stars

1 - Miikka Kiprusoff (CGY)
2 - Scott Hartnell (NSH)
3 - Craig Conroy (CGY)

Power Play

Predators - 0 on 9 Attempt(s) - 0.00%
Flames - 2 on 10 Attempt(s) - 20.00%

Penalty Kill

Predators - 8 on 10 Attempt(s) - 80.00% - Score 0 goal in Penalty Kill
Flames - 9 on 9 Attempt(s) - 100.00% - Score 0 goal in Penalty Kill

Game Notes

Shea Weber ejected from game at 1:58 of 1st period
Jarome Iginla beats up Todd Bertuzzi at 0:29 of 3rd period

Finance

Level 1 -- Attendance: 6500 (100.00%) -- Ticket Income $585,000.00
Level 2 -- Attendance: 5500 (100.00%) -- Ticket Income $302,500.00
Level 3 -- Attendance: 2785 (100.00%) -- Ticket Income $83,550.00
Level 4 -- Attendance: 4000 (100.00%) -- Ticket Income $80,000.00
Luxury Box -- Attendance: 1250 (100.00%) -- Ticket Income $150,000.00
Game was played at the Pengrowth Saddledome
Total Attendance: 20035 (100.00%)
Total Ticket Income: $1,295,895.00
Other Income: $388,768.61
Total Income: $1,684,664.00


Play by Play

Period #1

0:01 of 1st period - Jason Arnott wins face-off versus Craig Conroy in neutral zone.
0:03 of 1st period - Minor Penalty to Jason Arnott for Cross-checking.
0:04 of 1st period - Daymond Langkow wins face-off versus Steve Sullivan in Flames zone.
0:14 of 1st period - Daymond Langkow is hit by Steve Sullivan and loses puck.
0:21 of 1st period - Icing by Jaroslav Modry.
0:22 of 1st period - Keith Primeau wins face-off versus Daymond Langkow in Flames zone.
0:25 of 1st period - Shot by Mike Grier.
0:25 of 1st period - Stopped by Miikka Kiprusoff without a rebound.
0:26 of 1st period - Craig Conroy wins face-off versus Keith Primeau in Flames zone.
0:26 of 1st period - Alex Tanguay is hit by Kimmo Timonen and loses puck.
0:48 of 1st period - Shot by Alex Tanguay.
0:48 of 1st period - Shot Blocked by Keith Primeau.
0:49 of 1st period - Shot by Craig Conroy.
0:49 of 1st period - Stopped by Chris Mason with a rebound.
0:54 of 1st period - Shot by Jarome Iginla.
0:54 of 1st period - Deflect By Craig Conroy.
0:54 of 1st period - Goal by Craig Conroy - Predators : 0 - Flames : 1.
0:55 of 1st period - Daymond Langkow wins face-off versus Todd Bertuzzi in neutral zone.
1:10 of 1st period - Shot by Daymond Langkow.
1:10 of 1st period - Shot Misses the Net.
1:32 of 1st period - Minor Penalty to Tomas Kaberle for Charging.
1:33 of 1st period - Craig Conroy wins face-off versus Todd Bertuzzi in neutral zone.
1:38 of 1st period - Shot by Craig Conroy.
1:38 of 1st period - Deflect By Alex Tanguay.
1:38 of 1st period - Shot Blocked by Shea Weber.
1:58 of 1st period - Major / Game Misconduct Penalty to Shea Weber for Head-butting.
1:58 of 1st period - Shea Weber is ejected from game.
1:59 of 1st period - Daymond Langkow wins face-off versus Oleg Saprykin in Predators zone.
2:13 of 1st period - Icing by Daymond Langkow.
2:14 of 1st period - Daymond Langkow wins face-off versus Oleg Saprykin in Flames zone.
2:30 of 1st period - Minor Penalty to Dion Phaneuf for Clipping.
2:31 of 1st period - Jarome Iginla wins face-off versus Keith Primeau in neutral zone.
2:58 of 1st period - Shot by Alex Tanguay.
2:58 of 1st period - Stopped by Chris Mason without a rebound.
2:59 of 1st period - Craig Conroy wins face-off versus Oleg Saprykin in Predators zone.
3:14 of 1st period - Shot by Daymond Langkow.
3:14 of 1st period - Stopped by Chris Mason without a rebound.
3:15 of 1st period - Jarome Iginla wins face-off versus Keith Primeau in Predators zone.
3:38 of 1st period - Shot by Todd Bertuzzi.
3:38 of 1st period - Shot Misses the Net.
3:41 of 1st period - Shot by Scott Hartnell.
3:41 of 1st period - Deflect By Todd Bertuzzi.
3:41 of 1st period - Shot Misses the Net.
3:47 of 1st period - Minor Penalty to Jarome Iginla for Holding.
3:48 of 1st period - David Legwand wins face-off versus Alex Tanguay in Flames zone.
3:51 of 1st period - Shot by David Legwand.
3:51 of 1st period - Shot Misses the Net.
3:52 of 1st period - Shot by Tomas Kaberle.
3:52 of 1st period - Deflect By Paul Kariya.
3:52 of 1st period - Shot Blocked by Andrew Ference.
3:57 of 1st period - Shot by Paul Kariya.
3:57 of 1st period - Shot Misses the Net.
3:58 of 1st period - Shot by Kimmo Timonen.
3:58 of 1st period - Shot Misses the Net.
3:59 of 1st period - Shot by David Legwand.
3:59 of 1st period - Stopped by Miikka Kiprusoff without a rebound.
4:00 of 1st period - Todd Bertuzzi wins face-off versus Craig Conroy in Flames zone.
4:39 of 1st period - Shot by Todd Bertuzzi.
4:39 of 1st period - Stopped by Miikka Kiprusoff without a rebound.
4:40 of 1st period - David Legwand wins face-off versus Daymond Langkow in Flames zone.
5:32 of 1st period - Icing by Marek Zidlicky.
5:33 of 1st period - Craig Conroy wins face-off versus Todd Bertuzzi in Predators zone.
6:47 of 1st period - Craig Conroy is hit by Keith Primeau and loses puck.
7:04 of 1st period - Minor Penalty to Scott Hartnell for Hooking.
7:05 of 1st period - Jarome Iginla wins face-off versus Paul Kariya in neutral zone.
7:10 of 1st period - Shot by Bill Guerin.
7:10 of 1st period - Shot Blocked by Zbynek Michalek.
7:23 of 1st period - Shot by Tony Amonte.
7:23 of 1st period - Stopped by Chris Mason without a rebound.
7:24 of 1st period - Keith Primeau wins face-off versus Daymond Langkow in Predators zone.
7:51 of 1st period - Shot by Tony Amonte.
7:51 of 1st period - Stopped by Chris Mason without a rebound.
7:52 of 1st period - Craig Conroy wins face-off versus Todd Bertuzzi in Predators zone.
8:11 of 1st period - Shot by Jarome Iginla.
8:11 of 1st period - Shot Misses the Net.
8:14 of 1st period - Shot by Jarome Iginla.
8:14 of 1st period - Shot Misses the Net.
9:10 of 1st period - Off-side.
9:11 of 1st period - Joe Nieuwendyk wins face-off versus Scott Hartnell in neutral zone.
10:14 of 1st period - Shot by Oleg Saprykin.
10:14 of 1st period - Stopped by Miikka Kiprusoff without a rebound.
10:15 of 1st period - Craig Conroy wins face-off versus David Legwand in Flames zone.
10:38 of 1st period - Shot by Craig Conroy.
10:38 of 1st period - Deflect By Alex Tanguay.
10:38 of 1st period - Shot Misses the Net.
11:34 of 1st period - Joe Nieuwendyk is hit by Zbynek Michalek and loses puck.
11:57 of 1st period - Off-side.
11:58 of 1st period - Yanic Perreault wins face-off versus Matthew Lombardi in neutral zone.
11:58 of 1st period - Minor Penalty to Robyn Regehr for Hooking.
11:59 of 1st period - Jarome Iginla wins face-off versus Jason Arnott in neutral zone.
12:18 of 1st period - Shot by Jarome Iginla.
12:18 of 1st period - Deflect By Alex Tanguay.
12:18 of 1st period - Stopped by Chris Mason without a rebound.
12:19 of 1st period - David Legwand wins face-off versus Craig Conroy in Predators zone.
12:29 of 1st period - Minor Penalty to Daymond Langkow for Interference.
12:30 of 1st period - David Legwand wins face-off versus Jarome Iginla in Flames zone.
13:59 of 1st period - Shot by Steve Sullivan.
13:59 of 1st period - Shot Blocked by Dion Phaneuf.
14:00 of 1st period - Shot by Keith Primeau.
14:00 of 1st period - Stopped by Miikka Kiprusoff without a rebound.
14:01 of 1st period - Craig Conroy wins face-off versus David Legwand in Flames zone.
14:50 of 1st period - Shot by Jussi Jokinen.
14:50 of 1st period - Shot Misses the Net.
14:53 of 1st period - Shot by Brian Willsie.
14:53 of 1st period - Deflect By Joe Nieuwendyk.
14:53 of 1st period - Stopped by Chris Mason without a rebound.
14:54 of 1st period - Matthew Lombardi wins face-off versus Keith Primeau in Predators zone.
15:12 of 1st period - Off-side.
15:13 of 1st period - Yanic Perreault wins face-off versus Daymond Langkow in neutral zone.
15:18 of 1st period - Shot by Paul Kariya.
15:18 of 1st period - Stopped by Miikka Kiprusoff without a rebound.
15:19 of 1st period - Yanic Perreault wins face-off versus Joe Nieuwendyk in Flames zone.
15:34 of 1st period - Shot by Yanic Perreault.
15:34 of 1st period - Shot Misses the Net.
15:39 of 1st period - Shot by Brad Boyes.
15:39 of 1st period - Shot Misses the Net.
15:42 of 1st period - Shot by Yanic Perreault.
15:42 of 1st period - Stopped by Miikka Kiprusoff without a rebound.
15:43 of 1st period - Keith Primeau wins face-off versus Daymond Langkow in Flames zone.
16:18 of 1st period - Shot by Tony Amonte.
16:18 of 1st period - Shot Misses the Net.
16:21 of 1st period - Shot by Bill Guerin.
16:21 of 1st period - Shot Misses the Net.
16:24 of 1st period - Shot by Tony Amonte.
16:24 of 1st period - Shot Misses the Net.
16:25 of 1st period - Shot by Dion Phaneuf.
16:25 of 1st period - Shot Misses the Net.
17:09 of 1st period - Icing by Zbynek Michalek.
17:10 of 1st period - Yanic Perreault wins face-off versus Joe Nieuwendyk in Predators zone.
17:35 of 1st period - Shot by David Legwand.
17:35 of 1st period - Shot Misses the Net.
17:36 of 1st period - Shot by Todd Bertuzzi.
17:36 of 1st period - Shot Misses the Net.
17:41 of 1st period - Shot by Brad Boyes.
17:41 of 1st period - Deflect By Todd Bertuzzi.
17:41 of 1st period - Shot Blocked by Andrei Zyuzin.
17:44 of 1st period - Shot by Brad Boyes.
17:44 of 1st period - Shot Blocked by Andrei Zyuzin.
18:23 of 1st period - Shot by Paul Kariya.
18:23 of 1st period - Stopped by Miikka Kiprusoff without a rebound.
18:24 of 1st period - Jarome Iginla wins face-off versus Keith Primeau in Flames zone.
18:37 of 1st period - Shot by Craig Conroy.
18:37 of 1st period - Shot Blocked by Kimmo Timonen.
18:40 of 1st period - Shot by Craig Conroy.
18:40 of 1st period - Deflect By Alex Tanguay.
18:40 of 1st period - Stopped by Chris Mason with a rebound.
18:43 of 1st period - Shot by Jarome Iginla.
18:43 of 1st period - Shot Misses the Net.
19:15 of 1st period - Off-side.
19:16 of 1st period - Daymond Langkow wins face-off versus Steve Sullivan in neutral zone.
19:18 of 1st period - Dion Phaneuf is hit by Derek Morris and loses puck.
19:41 of 1st period - Minor Penalty to Derek Morris for Holding.
19:42 of 1st period - Todd Bertuzzi wins face-off versus Daymond Langkow in Predators zone.
19:48 of 1st period - Icing by Jaroslav Modry.
19:49 of 1st period - Daymond Langkow wins face-off versus Todd Bertuzzi in Flames zone.
19:51 of 1st period - Icing by Bill Guerin.
19:52 of 1st period - Daymond Langkow wins face-off versus Todd Bertuzzi in Flames zone.

Period #2

0:01 of 2nd period - Keith Primeau wins face-off versus Alex Tanguay in neutral zone.
0:31 of 2nd period - Icing by Roman Hamrlik.
0:32 of 2nd period - Keith Primeau wins face-off versus Craig Conroy in Flames zone.
0:58 of 2nd period - Icing by Dion Phaneuf.
0:59 of 2nd period - Daymond Langkow wins face-off versus Todd Bertuzzi in Flames zone.
1:30 of 2nd period - Shot by Daymond Langkow.
1:30 of 2nd period - Goal by Daymond Langkow - Predators : 0 - Flames : 2.
1:31 of 2nd period - Jason Arnott wins face-off versus Joe Nieuwendyk in neutral zone.
2:22 of 2nd period - Shot by Martin Erat.
2:22 of 2nd period - Deflect By David Legwand.
2:22 of 2nd period - Shot Misses the Net.
2:25 of 2nd period - Shot by David Legwand.
2:25 of 2nd period - Stopped by Miikka Kiprusoff without a rebound.
2:26 of 2nd period - Craig Conroy wins face-off versus Steve Sullivan in Flames zone.
2:26 of 2nd period - Jarome Iginla is hit by Yanic Perreault and loses puck.
2:35 of 2nd period - Off-side.
2:36 of 2nd period - Bill Guerin wins face-off versus David Legwand in neutral zone.
3:07 of 2nd period - Shot by Daymond Langkow.
3:07 of 2nd period - Shot Misses the Net.
3:08 of 2nd period - Shot by Jaroslav Modry.
3:08 of 2nd period - Shot Misses the Net.
3:44 of 2nd period - Martin Erat is hit by Jarome Iginla and loses puck.
4:39 of 2nd period - Minor Penalty to Brad Boyes for Interference.
4:40 of 2nd period - Daymond Langkow wins face-off versus Keith Primeau in Flames zone.
4:44 of 2nd period - Dion Phaneuf is hit by Kimmo Timonen and loses puck.
5:14 of 2nd period - Shot by Daymond Langkow.
5:14 of 2nd period - Deflect By Bill Guerin.
5:14 of 2nd period - Stopped by Chris Mason without a rebound.
5:15 of 2nd period - Daymond Langkow wins face-off versus Keith Primeau in Predators zone.
5:36 of 2nd period - Shot by Joe Nieuwendyk.
5:36 of 2nd period - Shot Misses the Net.
6:03 of 2nd period - Shot by Alex Tanguay.
6:03 of 2nd period - Stopped by Chris Mason without a rebound.
6:04 of 2nd period - Todd Bertuzzi wins face-off versus Craig Conroy in Predators zone.
6:14 of 2nd period - Off-side.
6:15 of 2nd period - Joe Nieuwendyk wins face-off versus Keith Primeau in neutral zone.
7:00 of 2nd period - Shot by Brian Willsie.
7:00 of 2nd period - Shot Blocked by Marek Zidlicky.
7:33 of 2nd period - Shot by Matthew Lombardi.
7:33 of 2nd period - Stopped by Chris Mason with a rebound.
7:34 of 2nd period - Shot by Matthew Lombardi.
7:34 of 2nd period - Stopped by Chris Mason without a rebound.
7:35 of 2nd period - Daymond Langkow wins face-off versus Yanic Perreault in Predators zone.
7:36 of 2nd period - Shot by Bill Guerin.
7:36 of 2nd period - Shot Blocked by Kimmo Timonen.
7:51 of 2nd period - Shot by Yanic Perreault.
7:51 of 2nd period - Shot Misses the Net.
7:56 of 2nd period - Shot by Scott Hartnell.
7:56 of 2nd period - Stopped by Miikka Kiprusoff without a rebound.
7:57 of 2nd period - Jason Arnott wins face-off versus Matthew Lombardi in Flames zone.
8:07 of 2nd period - Matthew Lombardi is hit by Derek Morris and loses puck.
8:08 of 2nd period - Minor Penalty to Keith Primeau for Slashing.
8:09 of 2nd period - Daymond Langkow wins face-off versus Paul Kariya in Predators zone.
8:51 of 2nd period - Icing by Robyn Regehr.
8:52 of 2nd period - Paul Kariya wins face-off versus Craig Conroy in Flames zone.
8:57 of 2nd period - Shot by Paul Kariya.
8:57 of 2nd period - Stopped by Miikka Kiprusoff without a rebound.
8:58 of 2nd period - Alex Tanguay wins face-off versus Todd Bertuzzi in Flames zone.
9:46 of 2nd period - Icing by Dion Phaneuf.
9:47 of 2nd period - Todd Bertuzzi wins face-off versus Daymond Langkow in Flames zone.
10:13 of 2nd period - Minor Penalty to Andrei Zyuzin for High sticking.
10:14 of 2nd period - David Legwand wins face-off versus Jarome Iginla in Flames zone.
10:19 of 2nd period - Shot by David Legwand.
10:19 of 2nd period - Stopped by Miikka Kiprusoff without a rebound.
10:20 of 2nd period - Craig Conroy wins face-off versus David Legwand in Flames zone.
11:54 of 2nd period - Kimmo Timonen is hit by Dion Phaneuf and loses puck.
12:21 of 2nd period - Minor Penalty to Matthew Lombardi for Diving.
12:22 of 2nd period - Jason Arnott wins face-off versus Jarome Iginla in Flames zone.
13:17 of 2nd period - Shot by Brad Boyes.
13:17 of 2nd period - Stopped by Miikka Kiprusoff without a rebound.
13:18 of 2nd period - Craig Conroy wins face-off versus Steve Sullivan in Flames zone.
14:40 of 2nd period - Minor Penalty to Oleg Saprykin for Diving.
14:41 of 2nd period - Daymond Langkow wins face-off versus Todd Bertuzzi in Predators zone.
14:42 of 2nd period - Shot by Jarome Iginla.
14:42 of 2nd period - Deflect By Tony Amonte.
14:42 of 2nd period - Stopped by Chris Mason without a rebound.
14:43 of 2nd period - Keith Primeau wins face-off versus Daymond Langkow in Predators zone.
15:29 of 2nd period - Icing by Roman Hamrlik.
15:30 of 2nd period - Craig Conroy wins face-off versus Paul Kariya in Flames zone.
15:54 of 2nd period - Icing by Robyn Regehr.
15:55 of 2nd period - Keith Primeau wins face-off versus Alex Tanguay in Flames zone.
16:50 of 2nd period - Shot by Jussi Jokinen.
16:50 of 2nd period - Stopped by Chris Mason without a rebound.
16:50 of 2nd period - Minor Penalty to Paul Kariya for Tripping.
16:51 of 2nd period - Daymond Langkow wins face-off versus Todd Bertuzzi in Predators zone.
16:52 of 2nd period - Todd Bertuzzi wins face-off versus Daymond Langkow in Predators zone.
17:52 of 2nd period - Minor Penalty to Jason Arnott for Clipping.
17:53 of 2nd period - Oleg Saprykin wins face-off versus Craig Conroy in Flames zone.
18:44 of 2nd period - Shot by Daymond Langkow.
18:44 of 2nd period - Stopped by Chris Mason without a rebound.
18:45 of 2nd period - Oleg Saprykin wins face-off versus Daymond Langkow in Predators zone.
18:51 of 2nd period - Icing by Dion Phaneuf.
18:52 of 2nd period - Todd Bertuzzi wins face-off versus Daymond Langkow in Flames zone.
19:58 of 2nd period - David Legwand is hit by Jussi Jokinen and loses puck.

Period #3

0:01 of 3rd period - Craig Conroy wins face-off versus Jason Arnott in neutral zone.
0:07 of 3rd period - Icing by Kimmo Timonen.
0:08 of 3rd period - Jason Arnott wins face-off versus Daymond Langkow in Predators zone.
0:25 of 3rd period - Shot by Paul Kariya.
0:25 of 3rd period - Shot Blocked by Tony Amonte.
0:26 of 3rd period - Shot by Jason Arnott.
0:26 of 3rd period - Shot Blocked by Bill Guerin.
0:27 of 3rd period - Shot by Derek Morris.
0:27 of 3rd period - Shot Misses the Net.
0:28 of 3rd period - Shot by Derek Morris.
0:28 of 3rd period - Stopped by Miikka Kiprusoff without a rebound.
0:29 of 3rd period - Craig Conroy wins face-off versus Martin Erat in Flames zone.
0:29 of 3rd period - Jarome Iginla beats up Todd Bertuzzi.
0:29 of 3rd period - Penalty to Jarome Iginla for Fighting.
0:29 of 3rd period - Penalty to Todd Bertuzzi for Fighting.
0:30 of 3rd period - Craig Conroy wins face-off versus Paul Kariya in Flames zone.
2:23 of 3rd period - Shot by Alex Tanguay.
2:23 of 3rd period - Stopped by Chris Mason without a rebound.
2:24 of 3rd period - David Legwand wins face-off versus Craig Conroy in Predators zone.
2:47 of 3rd period - Shot by Paul Kariya.
2:47 of 3rd period - Stopped by Miikka Kiprusoff without a rebound.
2:48 of 3rd period - Joe Nieuwendyk wins face-off versus Jason Arnott in Flames zone.
3:03 of 3rd period - Shot by Jason Arnott.
3:03 of 3rd period - Shot Blocked by Dion Phaneuf.
3:08 of 3rd period - Shot by Jason Arnott.
3:08 of 3rd period - Deflect By Scott Hartnell.
3:08 of 3rd period - Shot Misses the Net.
3:13 of 3rd period - Shot by Jason Arnott.
3:13 of 3rd period - Stopped by Miikka Kiprusoff with a rebound.
3:16 of 3rd period - Shot by Jason Arnott.
3:16 of 3rd period - Deflect By Scott Hartnell.
3:16 of 3rd period - Goal by Scott Hartnell - Predators : 1 - Flames : 2.
3:17 of 3rd period - Steve Sullivan wins face-off versus Craig Conroy in neutral zone.
4:04 of 3rd period - Shot by Daymond Langkow.
4:04 of 3rd period - Shot Misses the Net.
4:07 of 3rd period - Shot by Matthew Lombardi.
4:07 of 3rd period - Stopped by Chris Mason without a rebound.
4:08 of 3rd period - Jason Arnott wins face-off versus Daymond Langkow in Predators zone.
4:33 of 3rd period - Shot by Marek Zidlicky.
4:33 of 3rd period - Shot Blocked by Roman Hamrlik.
4:34 of 3rd period - Shot by Tomas Kaberle.
4:34 of 3rd period - Shot Blocked by Roman Hamrlik.
4:37 of 3rd period - Shot by Jason Arnott.
4:37 of 3rd period - Shot Misses the Net.
5:02 of 3rd period - Shot by David Legwand.
5:02 of 3rd period - Shot Blocked by Alex Tanguay.
5:03 of 3rd period - Shot by Zbynek Michalek.
5:03 of 3rd period - Shot Misses the Net.
5:06 of 3rd period - Shot by Keith Primeau.
5:06 of 3rd period - Stopped by Miikka Kiprusoff without a rebound.
5:07 of 3rd period - Steve Sullivan wins face-off versus Craig Conroy in Flames zone.
6:02 of 3rd period - Shot by Joe Nieuwendyk.
6:02 of 3rd period - Shot Blocked by Jason Arnott.
6:17 of 3rd period - Shot by Chuck Kobasew.
6:17 of 3rd period - Shot Misses the Net.
6:20 of 3rd period - Shot by Kristian Huselius.
6:20 of 3rd period - Stopped by Chris Mason with a rebound.
6:23 of 3rd period - Shot by Kristian Huselius.
6:23 of 3rd period - Stopped by Chris Mason without a rebound.
6:24 of 3rd period - Oleg Saprykin wins face-off versus Daymond Langkow in Predators zone.
6:36 of 3rd period - Off-side.
6:37 of 3rd period - Craig Conroy wins face-off versus David Legwand in neutral zone.
6:48 of 3rd period - Shot by David Legwand.
6:48 of 3rd period - Stopped by Miikka Kiprusoff without a rebound.
6:49 of 3rd period - Keith Primeau wins face-off versus Daymond Langkow in Flames zone.
7:27 of 3rd period - Minor Penalty to Dion Phaneuf for High sticking.
7:28 of 3rd period - Jarome Iginla wins face-off versus Jason Arnott in Predators zone.
8:22 of 3rd period - Icing by Zbynek Michalek.
8:23 of 3rd period - Craig Conroy wins face-off versus David Legwand in Predators zone.
8:28 of 3rd period - Shot by Daymond Langkow.
8:28 of 3rd period - Deflect By Craig Conroy.
8:28 of 3rd period - Shot Misses the Net.
9:05 of 3rd period - Shot by Todd Bertuzzi.
9:05 of 3rd period - Stopped by Miikka Kiprusoff with a rebound.
9:25 of 3rd period - Icing by Kimmo Timonen.
9:26 of 3rd period - Craig Conroy wins face-off versus David Legwand in Predators zone.
9:40 of 3rd period - Joe Nieuwendyk is hit by Scott Hartnell and loses puck.
9:44 of 3rd period - Shot by Joe Nieuwendyk.
9:44 of 3rd period - Deflect By Jussi Jokinen.
9:44 of 3rd period - Stopped by Chris Mason without a rebound.
9:45 of 3rd period - Keith Primeau wins face-off versus Daymond Langkow in Predators zone.
9:47 of 3rd period - Minor Penalty to Dion Phaneuf for Elbowing.
9:48 of 3rd period - Craig Conroy wins face-off versus David Legwand in neutral zone.
9:56 of 3rd period - Icing by Derek Morris.
9:57 of 3rd period - David Legwand wins face-off versus Craig Conroy in Predators zone.
10:54 of 3rd period - Shot by Alex Tanguay.
10:54 of 3rd period - Stopped by Chris Mason without a rebound.
10:55 of 3rd period - Craig Conroy wins face-off versus David Legwand in Predators zone.
11:14 of 3rd period - Shot by Todd Bertuzzi.
11:14 of 3rd period - Stopped by Miikka Kiprusoff without a rebound.
11:15 of 3rd period - Craig Conroy wins face-off versus Jason Arnott in Flames zone.
11:28 of 3rd period - Shot by Steve Sullivan.
11:28 of 3rd period - Shot Misses the Net.
11:29 of 3rd period - Shot by Kimmo Timonen.
11:29 of 3rd period - Shot Misses the Net.
11:30 of 3rd period - Shot by Steve Sullivan.
11:30 of 3rd period - Shot Blocked by Jaroslav Modry.
12:09 of 3rd period - Shot by Jussi Jokinen.
12:09 of 3rd period - Stopped by Chris Mason without a rebound.
12:10 of 3rd period - David Legwand wins face-off versus Matthew Lombardi in Predators zone.
12:27 of 3rd period - Shot by Chuck Kobasew.
12:27 of 3rd period - Shot Misses the Net.
12:30 of 3rd period - Shot by Matthew Lombardi.
12:30 of 3rd period - Shot Misses the Net.
12:31 of 3rd period - Shot by Kristian Huselius.
12:31 of 3rd period - Shot Misses the Net.
12:32 of 3rd period - Shot by Robyn Regehr.
12:32 of 3rd period - Deflect By Matthew Lombardi.
12:32 of 3rd period - Stopped by Chris Mason without a rebound.
12:33 of 3rd period - Daymond Langkow wins face-off versus Yanic Perreault in Predators zone.
13:00 of 3rd period - Shot by Bill Guerin.
13:00 of 3rd period - Deflect By Tony Amonte.
13:00 of 3rd period - Shot Misses the Net.
13:23 of 3rd period - Shot by Oleg Saprykin.
13:23 of 3rd period - Stopped by Miikka Kiprusoff without a rebound.
13:24 of 3rd period - David Legwand wins face-off versus Joe Nieuwendyk in Flames zone.
13:24 of 3rd period - Marek Zidlicky is hit by Andrew Ference and loses puck.
15:29 of 3rd period - Steve Sullivan is hit by Jaroslav Modry and loses puck.
15:51 of 3rd period - Shot by Bill Guerin.
15:51 of 3rd period - Shot Misses the Net.
15:52 of 3rd period - Shot by Jaroslav Modry.
15:52 of 3rd period - Shot Misses the Net.
15:55 of 3rd period - Shot by Bill Guerin.
15:55 of 3rd period - Stopped by Chris Mason with a rebound.
15:56 of 3rd period - Shot by Tony Amonte.
15:56 of 3rd period - Shot Blocked by Tomas Kaberle.
17:05 of 3rd period - Shot by Brian Willsie.
17:05 of 3rd period - Stopped by Chris Mason without a rebound.
17:06 of 3rd period - Paul Kariya wins face-off versus Matthew Lombardi in Predators zone.
17:10 of 3rd period - David Legwand is hit by Robyn Regehr and loses puck.
17:49 of 3rd period - Mike Grier is hit by Chuck Kobasew and loses puck.
17:50 of 3rd period - Minor Penalty to Jarome Iginla for Cross-checking.
17:51 of 3rd period - Craig Conroy wins face-off versus Brad Boyes in neutral zone.
19:00 of 3rd period - Predators, Chris Mason is pulled from the net.
19:18 of 3rd period - Shot by Scott Hartnell.
19:18 of 3rd period - Shot Misses the Net.
19:50 of 3rd period - Icing by Marek Zidlicky.
19:51 of 3rd period - Daymond Langkow wins face-off versus Jason Arnott in Predators zone.
19:52 of 3rd period - Shot by Tony Amonte.
19:52 of 3rd period - Deflect By Bill Guerin.
19:52 of 3rd period - Shot Blocked by Marek Zidlicky.


Output by the SimonT Hockey Simulator (STHS) for Stephane Roy -- Original Page W3C XHTML 1.0 Valid